 Dungeon Crawl Stone Soup version 0.20.1-1-g8b1a95d (webtiles) character file.

14551 peteyfrogboy the Basher (level 12, -8/77 HPs)
             Began as a Gargoyle Fighter on July 20, 2017.
             Was a Priest of Makhleb.
             Mangled by an ettin
             ... wielding a +0 dire flail
              (36 damage)
             ... on level 1 of the Orcish Mines.
             The game lasted 00:26:21 (10130 turns).

peteyfrogboy the Basher (Gargoyle Fighter)         Turns: 10130, Time: 00:26:22

Health: -8/77      AC: 31    Str: 24 (26) XL:     12   Next: 17%
Magic:  20/20      EV:  7    Int: 10 (12) God:    Makhleb [***...]
Gold:   948        SH:  7    Dex: 11      Spells: 11/11 levels left

rFire    + . .     SeeInvis .   a - +1 flail (protect)
rCold    . . .     Gourm    .   E - +2 buckler
rNeg     + . .     Faith    .   N - +0 plate armour {rF+}
rPois    ∞         Spirit   .   H - +0 helmet
rElec    +         Reflect  .   (no cloak)
rCorr    .         Harm     .   u - +1 pair of gloves
MR       .....                  (no boots)
Stlth    ..........             e - amulet of regeneration
Regen    0.7/turn               k - +2 ring of dexterity
MPRegen  0.2/turn               s - +2 ring of intelligence

@: protection aura, studying Polearms
A: talons 1, blink, deterioration 1, negative energy resistance 1, electricity
resistance, strong 1, unbreathing, petrification resistance, rot immunity, AC +8
a: Blink, Minor Destruction, Lesser Servant of Makhleb, Renounce Religion


You were on level 1 of the Orcish Mines.
You worshipped Makhleb.
Makhleb was most pleased with you.
You were not hungry.

You visited 3 branches of the dungeon, and saw 13 of its levels.
You also visited: Ossuary.

You collected 948 gold pieces.

Inventory:

Hand Weapons
 a - a +1 flail of protection (weapon)
 c - a +1 flail
 j - a +1 mace of holy wrath
Armour
 u - a +1 pair of gloves (worn)
 E - a +2 buckler (worn)
 H - a +0 helmet (worn)
 N - a +0 plate armour of fire resistance (worn)
Jewellery
 e - an amulet of regeneration (around neck)
 h - an uncursed amulet of faith
 k - a +2 ring of dexterity (left hand)
 s - a +2 ring of intelligence (right hand)
 B - an uncursed amulet of rage
 C - an uncursed amulet of guardian spirit
Wands
 x - a wand of disintegration (6/24)
 D - a wand of flame (1/48)
 F - a wand of polymorph (9/24)
 J - a wand of confusion (27/48)
 L - a wand of iceblast (13/15)
Scrolls
 b - 6 scrolls of remove curse
 i - 2 scrolls of amnesia
 l - 12 scrolls of identify
 q - 7 scrolls of teleportation
 y - 3 scrolls of magic mapping
 G - a scroll of blinking
 I - 2 scrolls of enchant weapon
Potions
 d - a potion of might
 g - a potion of haste
 m - 2 potions of resistance
 n - 8 potions of curing
 w - a potion of cancellation {unknown}
 z - a potion of agility
 A - 4 potions of heal wounds
 K - a potion of lignification
Books
 o - a manual of Polearms
Comestibles
 f - 10 bread rations
 r - 3 fruits
 t - a meat ration
 v - 6 royal jellies
 M - 7 chunks of flesh


   Skills:
 - Level 10.0 Fighting
 - Level 12.9 Maces & Flails
 - Level 5.7 Armour
 - Level 1.5 Dodging
 - Level 4.9 Shields
 + Level 10.8 Invocations


You had 11 spell levels left.
You didn't know any spells.

Dungeon Overview and Level Annotations

Branches:
Dungeon (11/15)            Temple (1/1) D:4            Lair (0/6) D:11
    Orc (1/2) D:9

Altars:
Ashenzari
Cheibriados
Dithmenos
Elyvilon
Fedhas
Gozag
Hepliaklqana
Kikubaaqudgha
Makhleb
Nemelex Xobeh
Ru
Sif Muna
Trog
Uskayaw
Vehumet
Xom
Yredelemnul
Zin
The Shining One
Beogh

Shops:
D:4 [?(   D:5 %


Innate Abilities, Weirdness & Mutations

You are resistant to torment.
Your stone body is resilient. (AC +8)
You are immune to poison.
You resist negative energy. (rN+)
You are resistant to electric shocks. (rElec)
You can survive without breathing.
You are immune to petrification.
You are immune to rotting.
You have sharp toenails.
You can translocate small distances at will.
Your body sometimes deteriorates upon taking damage.
Your muscles are strong. (Str +2)


Message History

Found 19 gold pieces.
The ettin hits you with a dire flail. The ettin barely misses you.
You hit the ettin.
Your weapon exudes an aura of protection.
Your kick misses the ettin.
The ettin is lightly wounded.
You hit the ettin but do no damage. You claw the ettin, but do no damage.
The ettin is lightly wounded.
The ettin hits you with a dire flail!!
Your body deteriorates!
You feel weakened. The ettin barely misses you.
You hit the ettin. You claw the ettin.
The ettin is lightly wounded.
You block the ettin's attack. The ettin barely misses you.
You hit the ettin.
The ettin is lightly wounded.
You sock the ettin! Your kick misses the ettin.
The ettin is moderately wounded.
The ettin hits you with a dire flail! The ettin hits you with a dire flail!!!
You die...

### ## #.## $.
...# #. ##..## #
##.##.C..#.##
##.....@.....#
##.#..........##
#...............
#.##...###.$...
## #...#####....
#..#.....#.#....
#.....>........
##.##............
###........#
.......


You could see an ettin.

Vanquished Creatures
  2 two-headed ogres
  The ghost of robertstho the Cleaver, a novice MiBe of Trog (D:8)
  An ugly thing (D:6)
  An elephant (D:11)
  2 centaur skeletons
  A freezing wraith (D:7)
  3 trolls
  Prince Ribbit (D:5)
  4 hippogriffs
  A slime creature (D:8)
  A wyvern (D:7)
  A spriggan (D:8)
  2 basilisks
  10 yaks (D:11)
  3 hungry ghosts (D:9)
  Menkaure (D:6)
  A two-headed ogre zombie (D:9)
  Duvessa (D:6)
  7 orc warriors
  A sky beast (D:7)
  A black bear (D:9)
  2 ice beasts
  A phantom (D:11)
  A necrophage (D:11)
  4 ogres
  6 centaurs
  A crocodile (D:11)
  An elf zombie (D:8)
  Blork the orc (D:4)
  3 elf skeletons (D:8)
  8 bullfrogs
  A wyvern skeleton (D:11)
  Dowan (D:6)
  9 scorpions
  9 killer bees
  3 wights (D:11)
  4 howler monkeys
  3 crimson imps
  5 centaur zombies
  3 bullfrog zombies
  3 bullfrog skeletons
  7 jellies
  A human zombie (Ossuary)
  11 orc priests
  6 hounds
  10 orc wizards
  4 iguanas
  9 worker ants
  3 big kobold zombies (Ossuary)
  7 ogre zombies (D:9)
  A hound zombie (D:11)
  2 hound skeletons
  2 mummies (Ossuary)
  20 adders
  15 gnolls
  7 scorpion zombies (Ossuary)
  16 oozes
  3 adder zombies
  A worm (D:2)
  5 dart slugs
  4 leopard geckos
  42 orcs
  7 bats
  11 giant cockroaches
  13 goblins
  8 hobgoblins
  4 jackals (D:9)
  9 kobolds
  5 quokkas
  3 ball pythons (D:1)
  7 frilled lizards
  2 goblin skeletons (D:9)
  3 goblin zombies (D:9)
  2 hobgoblin skeletons (D:9)
  3 hobgoblin zombies (D:9)
  3 kobold zombies (Ossuary)
  7 orc skeletons
  12 orc zombies
  2 quokka skeletons
  11 rats
403 creatures vanquished.

Vanquished Creatures (others)
  An orc wizard (D:6)
  A mummy (Ossuary)
  8 fungi (D:8)
10 creatures vanquished.

Grand Total: 413 creatures vanquished

Notes
Turn   | Place    | Note
-------+----------+-------------------------------------------
     0 | D:1      | peteyfrogboy the Gargoyle Fighter began the quest for the Orb.
     0 | D:1      | Reached XP level 1. HP: 14/14 MP: 1/1
    27 | D:1      | Reached XP level 2. HP: 13/20 MP: 2/2
   391 | D:1      | Reached XP level 3. HP: 24/24 MP: 3/3
   774 | D:2      | Reached XP level 4. HP: 28/29 MP: 4/4
   817 | D:2      | You fall through a shaft for 2 floors!
   842 | D:4      | Reached skill level 3 in Maces & Flails
   860 | D:4      | Noticed an ogre
   863 | D:4      | Noticed Blork the orc
   873 | D:4      | Killed an ogre
   873 | D:4      | Reached XP level 5. HP: 29/34 MP: 5/5
   980 | D:4      | Killed Blork the orc
   980 | D:4      | Reached skill level 4 in Maces & Flails
   980 | D:4      | Reached skill level 1 in Dodging
   980 | D:4      | Reached XP level 6. HP: 34/39 MP: 6/6
  1101 | D:4      | Found Bugiomu's Armour Shop.
  1107 | D:4      | Found Firaes's Magic Scroll Shoppe.
  1223 | D:4      | Found Dauduasy's Antique Weapon Boutique.
  1274 | D:4      | Reached XP level 7. HP: 44/44 MP: 7/7
  1302 | D:4      | Found a staircase to the Ecumenical Temple.
  1336 | Temple   | Entered the Ecumenical Temple
  1881 | D:5      | Entered Level 5 of the Dungeon
  1887 | D:5      | Reached skill level 5 in Fighting
  1992 | D:5      | Found a white marble altar of Elyvilon.
  2247 | D:5      | Noticed Prince Ribbit
  2269 | D:5      | Reached XP level 8. HP: 25/53 MP: 8/8
  2274 | D:5      | Found Archisot's Food Emporium.
  2283 | D:5      | Killed Prince Ribbit
  3043 | D:2      | Found a hazy altar of Hepliaklqana.
  3478 | D:3      | Found a faded altar of an unknown god.
  3792 | D:6      | Noticed Dowan
  3793 | D:6      | Noticed Duvessa
  3821 | D:6      | Killed Dowan
  3837 | D:6      | Killed Duvessa
  3906 | D:6      | Reached skill level 10 in Fighting
  4007 | D:6      | Noticed Menkaure
  4015 | D:6      | Killed Menkaure
  4015 | D:6      | Reached skill level 5 in Maces & Flails
  4015 | D:6      | Reached XP level 9. HP: 36/62 MP: 9/9
  4079 | D:6      | Reached skill level 6 in Maces & Flails
  4201 | D:6      | Found a sparkling altar of Nemelex Xobeh.
  4203 | D:6      | Found a bloodstained altar of Trog.
  4245 | D:6      | Gained mutation: Your flesh is heat resistant. (rF+) [potion of mutation]
  4245 | D:6      | Gained mutation: Your body sometimes deteriorates upon taking damage. [potion of mutation]
  4245 | D:6      | Gained mutation: You are robust. (+10% HP) [potion of mutation]
  4381 | D:6      | Reached skill level 7 in Maces & Flails
  4714 | D:6      | Reached skill level 8 in Maces & Flails
  4998 | D:7      | Noticed a brown ugly thing
  5107 | D:6      | Killed a brown ugly thing
  5107 | D:6      | Reached skill level 9 in Maces & Flails
  5325 | D:7      | Reached XP level 10. HP: 74/74 MP: 10/10
  5407 | D:7      | Reached skill level 10 in Maces & Flails
  5449 | D:7      | Found a roughly hewn altar of Beogh.
  5739 | D:7      | Reached skill level 11 in Maces & Flails
  6528 | D:8      | Noticed a two-headed ogre
  6541 | D:8      | Killed a two-headed ogre
  6549 | D:8      | Reached skill level 12 in Maces & Flails
  6668 | D:8      | Found a sand-covered staircase.
  6714 | Ossuary  | Entered an ossuary
  6877 | Ossuary  | Lost mutation: Your body sometimes deteriorates upon taking damage. [potion of mutation]
  6877 | Ossuary  | Lost mutation: Your flesh is heat resistant. (rF+) [potion of mutation]
  6877 | Ossuary  | Gained mutation: You expend magic power (3 MP) to strengthen your wands. [potion of mutation]
  6877 | Ossuary  | Lost mutation: You expend magic power (3 MP) to strengthen your wands. [potion of mutation]
  6877 | Ossuary  | Gained mutation: You are partially covered in yellow scales. (AC +2) [potion of mutation]
  6877 | Ossuary  | Gained mutation: Your muscles are strong. (Str +2) [potion of mutation]
  6964 | Ossuary  | Lost mutation: You are robust. (+10% HP) [potion of mutation]
  6964 | Ossuary  | Lost mutation: You are partially covered in yellow scales. (AC +2) [potion of mutation]
  6964 | Ossuary  | Gained mutation: Scrolls take you a little longer to read. [potion of mutation]
  6964 | Ossuary  | Gained mutation: Your mind is acute. (Int +2) [potion of mutation]
  6964 | Ossuary  | Gained mutation: You passively map a small area around you. [potion of mutation]
  7181 | D:8      | Reached XP level 11. HP: 72/72 MP: 11/11
  7211 | D:8      | Noticed robertstho's ghost (novice MiBe)
  7245 | D:8      | Killed robertstho's ghost
  7245 | D:8      | Reached skill level 5 in Armour
  7381 | D:8      | Found a burning altar of Makhleb.
  7382 | D:8      | Found a radiant altar of Vehumet.
  7393 | D:8      | Became a worshipper of Makhleb the Destroyer
  7499 | D:8      | Reached skill level 1 in Invocations
  7585 | D:9      | Found a staircase to the Orcish Mines.
  7629 | D:9      | Reached * piety under Makhleb
  7843 | D:9      | Reached ** piety under Makhleb
  7900 | D:9      | Lost mutation: Scrolls take you a little longer to read. [potion of mutation]
  7900 | D:9      | Lost mutation: Your mind is acute. (Int +2) [potion of mutation]
  7900 | D:9      | Lost mutation: Your muscles are strong. (Str +2) [potion of mutation]
  7900 | D:9      | Gained mutation: Armour fits poorly on your strangely shaped body. [potion of mutation]
  7900 | D:9      | Gained mutation: You have a pair of small horns on your head. [potion of mutation]
  7954 | D:9      | Found a hide-covered altar of Uskayaw.
  8094 | D:9      | Noticed a two-headed ogre
  8105 | D:9      | Killed a two-headed ogre
  8105 | D:9      | Reached skill level 5 in Invocations
  8296 | D:10     | Entered Level 10 of the Dungeon
  9116 | D:11     | Found a staircase to the Lair.
  9385 | D:11     | Lost mutation: You have a pair of small horns on your head. [potion of mutation]
  9385 | D:11     | Lost mutation: Armour fits poorly on your strangely shaped body. [potion of mutation]
  9385 | D:11     | Lost mutation: You passively map a small area around you. [potion of mutation]
  9385 | D:11     | Gained mutation: Your body sometimes deteriorates upon taking damage. [potion of mutation]
  9385 | D:11     | Gained mutation: You can translocate small distances at will. [potion of mutation]
  9385 | D:11     | Gained mutation: You have sharp toenails. [potion of mutation]
  9385 | D:11     | Gained mutation: Your muscles are strong. (Str +2) [potion of mutation]
  9610 | D:11     | Reached XP level 12. HP: 77/77 MP: 19/19
  9702 | D:11     | Reached skill level 10 in Invocations
  9705 | D:11     | Reached *** piety under Makhleb
  9887 | Orc:1    | Entered Level 1 of the Orcish Mines
 10122 | Orc:1    | Noticed an ettin
 10130 | Orc:1    | Mangled by an ettin

Skill      XL: |  1  2  3  4  5  6  7  8  9 10 11 12 |
---------------+-------------------------------------+-----
Fighting       | 4 7 10 | 10.0
Maces & Flails | 3 4 5 9 12 | 12.9
Armour         | 4 5 |  5.7
Dodging        | 1 |  1.5
Shields        | 4 |  4.9
Invocations    | 9 10 | 10.8

Action                   |  1- 3 |  4- 6 |  7- 9 | 10-12 || total
-------------------------+-------+-------+-------+-------++-------
Melee: Flail             |   154 |    98 |   605 |  1051 ||  1908
       Headbutt          |       |       |       |    61 ||    61
       Kick              |       |       |       |    52 ||    52
Evoke: Wand              |       |       |       |     1 ||     1
  Use: Potion            |       |       |    10 |     6 ||    16
       Scroll            |       |       |    10 |     3 ||    13
  Eat: Chunk             |       |     2 |    13 |    18 ||    33
       Fruit             |       |       |       |     2 ||     2
       Meat ration       |       |       |       |     1 ||     1
Armor: Scale mail        |    80 |    44 |   185 |       ||   309
       Chain mail        |       |       |   100 |    89 ||   189
       Plate armour      |       |       |       |   440 ||   440
Dodge: Dodged            |    57 |    29 |   214 |   239 ||   539
Block: Shield            |    77 |    60 |   224 |       ||   361
       Buckler           |       |       |    70 |   238 ||   308
